 Dungeon Crawl Stone Soup version 0.31.0-11-ge490571c62 (webtiles) character file.

Game seed: 12672839947830350427

75 bearlyready the Apothecary (level 4, -3/32 HPs)
             Began as a Gnoll Alchemist on Feb 8, 2024.
             Incinerated by a bombardier beetle (5 damage)
             ... with a burning spray
             ... on level 3 of the Dungeon.
             The game lasted 00:02:31 (1796 turns).

bearlyready the Apothecary (Gnoll Alchemist)        Turns: 1796, Time: 00:02:31

Health: -3/32      AC:  8    Str: 14    XL:     4   Next: 31%
Magic:  10/11      EV: 12    Int: 16    God:
Gold:   122        SH:  0    Dex: 12    Spells: 12/13 levels left

rFire   . . .        q - +3 whip
rCold   . . .        (no shield)
rNeg    . . .        h - +0 ring mail
rPois   .            (no helmet)
rElec   .            g - +0 cloak
rCorr   .            (no gloves)
SInv    .            r - +1 pair of boots
Will    .....        (no amulet)
Stlth   +            f - +6 ring of strength
HPRegen 0.25/turn    (no ring)
MPRegen 0.12/turn

%: no passive effects
@: on fire, very slightly contaminated, glowing
A: fangs 1, strong nose, distributed training
a: no special abilities


You were on level 3 of the Dungeon.
You visited 1 branch of the dungeon, and saw 3 of its levels.

You collected 122 gold pieces.

Inventory:

Hand Weapons
 c - a +0 flail
 q - a +3 whip (weapon)
Missiles
 e - 13 stones
 o - 3 poisoned darts
Armour
 a - a +0 robe
 g - a +0 cloak (worn)
 h - a +0 ring mail (worn)
 k - a +0 pair of boots
 r - a +1 pair of boots (worn)
Jewellery
 f - a +6 ring of strength (left hand)
 n - a ring of flight
Scrolls
 d - 3 scrolls of identify {unknown}
 i - a scroll of teleportation {unknown}
 j - a scroll of brand weapon {unknown}
 l - a scroll of torment {unknown}
 m - a scroll of revelation {unknown}
 p - a scroll of vulnerability {unknown}
Potions
 b - a potion of magic


   Skills:
 + Level 1.1 Fighting
 + Level 1.1 Short Blades
 + Level 1.1 Long Blades
 + Level 1.1 Axes
 + Level 1.1 Maces & Flails
 + Level 1.1 Polearms
 + Level 1.1 Staves
 + Level 1.1 Ranged Weapons
 + Level 1.1 Throwing
 + Level 1.1 Armour
 + Level 4.6 Dodging
 + Level 4.2 Stealth
 + Level 1.1 Shields
 + Level 1.1 Unarmed Combat
 + Level 5.1 Spellcasting
 + Level 2.2 Conjurations
 + Level 0.9 Hexes
 + Level 0.9 Summonings
 + Level 0.9 Necromancy
 + Level 0.9 Translocations
 + Level 0.9 Fire Magic
 + Level 0.9 Ice Magic
 + Level 0.9 Air Magic
 + Level 0.9 Earth Magic
 + Level 5.4 Alchemy
 + Level 1.2 Invocations
 + Level 1.1 Evocations
 + Level 1.0 Shapeshifting


You had 12 spell levels left.
You knew the following spells:

 Your Spells              Type           Power      Damage    Failure   Level
a - Sting                 Conj/Alch      64%        1d7       6%          1

Your spell library contained the following spells:

 Spells                   Type           Power      Damage    Failure   Level
 Mercury Vapours          Alch/Air       28%        N/A       13%         2
 Mephitic Cloud           Conj/Alch/Air  13%        N/A       28%         3
 Olgreb's Toxic Radiance  Alch           21%        N/A       32%         4
 Sticky Flame             Fire/Alch      14%        2d5       63%         4


Dungeon Overview and Level Annotations

Branches:
Dungeon (3/15)

Altars:


Innate Abilities, Weirdness & Mutations

You have very sharp teeth.
Your uncanny sense of smell can sniff out nearby items.
Your experience applies equally to all skills.


Message History

You are too injured to fight recklessly!
You are too injured to fight recklessly!
You are too injured to fight recklessly!
You are too injured to fight recklessly!
You are too injured to fight recklessly!
You are too injured to fight recklessly!
You are too injured to fight recklessly!
You are too injured to fight recklessly!
You are too injured to fight recklessly!
You hit the quokka but do no damage. The liquid fire burns you!
The quokka bites you but does no damage.
You closely miss the quokka. The liquid fire burns you!
* * * LOW HITPOINT WARNING * * *
The quokka closely misses you.
The quokka bites you but does no damage.
Okay, then.
Casting: Sting (safe; 6% risk of failure)
Confirm with . or Enter, or press ? or * to list all spells.
Aiming: Sting (safe; 6% risk of failure)
Press: ? - help, Shift-Dir - straight line, f - quokka
Aim: a quokka (64% to hit)
You miscast Sting.
You are very lightly contaminated with residual magic.
Nothing appears to happen.
The liquid fire burns you!
* * * LOW HITPOINT WARNING * * *
The quokka barely misses you.
Okay, then.
Okay, then.
You shake off some of the fire as you move.
The liquid fire burns you!
* * * LOW HITPOINT WARNING * * *
The bombardier beetle sprays incendiary fluid at you.
The burning spray hits you.
You are even more covered in liquid fire!
You shake off some of the fire as you move.
The liquid fire burns you!
You die...

###### #.# #....#
#.##### ###
#....# #.....#
...# #....#
#.###.#
#...##....# #.#
#.# ##.........#
#.# #.#
#.....B.r# #.#
#.. ........#####
#.# ###
##.....@#...# #.#
. ##.....#.$.#
#.#
..##......#...###
#.#
..........†.....#
#.#
#..............#
#.#
##.............#
#.#
#...........###
#.#
......†.##....#
#.#
........##...##
#.#


You could see a bombardier beetle and a quokka.

Vanquished Creatures
  A gnoll (D:1)
  2 adders
  2 dart slugs
  2 endoplasms
  4 giant cockroaches
  5 goblins
  3 hobgoblins (D:1)
  5 kobolds
  3 quokkas
  2 ball pythons (D:2)
  5 bats
  4 frilled lizards
  7 rats (D:1)
45 creatures vanquished.

Notes
Turn   | Place    | Note
-------+----------+-------------------------------------------
     0 | D:1      | bearlyready the Gnoll Alchemist began the quest for the
                  | Orb.
     0 | D:1      | Reached XP level 1. HP: 13/13 MP: 6/6
   431 | D:1      | Reached XP level 2. HP: 19/19 MP: 5/7
   690 | D:1      | Reached skill level 5 in Spellcasting
   690 | D:1      | Reached XP level 3. HP: 22/25 MP: 3/9
   960 | D:1      | Reached skill level 1 in Invocations
  1431 | D:2      | Reached skill level 1 in Fighting
  1431 | D:2      | Reached skill level 1 in Short Blades
  1431 | D:2      | Reached skill level 1 in Long Blades
  1431 | D:2      | Reached skill level 1 in Axes
  1431 | D:2      | Reached skill level 1 in Maces & Flails
  1431 | D:2      | Reached skill level 1 in Polearms
  1431 | D:2      | Reached skill level 1 in Staves
  1431 | D:2      | Reached skill level 1 in Ranged Weapons
  1431 | D:2      | Reached skill level 1 in Throwing
  1431 | D:2      | Reached skill level 1 in Armour
  1431 | D:2      | Reached skill level 1 in Shields
  1431 | D:2      | Reached skill level 1 in Unarmed Combat
  1431 | D:2      | Reached skill level 1 in Evocations
  1565 | D:2      | Reached skill level 1 in Shapeshifting
  1565 | D:2      | Reached XP level 4. HP: 30/32 MP: 11/11
  1796 | D:3      | Incinerated by a bombardier beetle

Illustrated notes

Levels and vault maps discovered:
D:1:      dpeg_arrival_ratfight, layout_loops_corners
D:2:      layout_rooms
D:3:      layout_basic, nicolae_dithmenos_shadow_blocks,
          nicolae_concentric_dashed_squares_mild

Skill      XL: |  1  2  3 |
---------------+----------+-----
Conjurations   | 2 |  2.2
Spellcasting   | 5 |  5.1
Invocations    | 1 |  1.2
Fighting       | 1 |  1.1
Short Blades   | 1 |  1.1
Long Blades    | 1 |  1.1
Axes           | 1 |  1.1
Maces & Flails | 1 |  1.1
Polearms       | 1 |  1.1
Staves         | 1 |  1.1
Ranged Weapons | 1 |  1.1
Throwing       | 1 |  1.1
Armour         | 1 |  1.1
Shields        | 1 |  1.1
Unarmed Combat | 1 |  1.1
Evocations     | 1 |  1.1
Shapeshifting  | 1 |  1.0
Dodging        | |  4.6
Stealth        | |  4.2
Hexes          | |  0.9
Summonings     | |  0.9
Necromancy     | |  0.9
Translocations | |  0.9
Fire Magic     | |  0.9
Ice Magic      | |  0.9
Air Magic      | |  0.9
Earth Magic    | |  0.9
Alchemy        | |  5.4

Action                     |  1- 3 |  4- 6 || total
---------------------------+-------+-------++-------
  Melee: Unarmed           |    16 |       ||    16
         Bite              |    10 |     2 ||    12
         Punch             |     1 |       ||     1
         Flail             |    58 |       ||    58
         Whip              |    25 |    21 ||    46
   Cast: Sting             |    19 |       ||    19
   Stab: Sleeping          |     3 |     1 ||     4
         Distracted        |     1 |     1 ||     2
 Armour: Robe              |     6 |       ||     6
         Ring mail         |    63 |    10 ||    73
  Dodge: Dodged            |    71 |    14 ||    85
